 Dungeon Crawl Stone Soup version 0.24-a0-784-g601f8f6d22 (webtiles) character file.

Game seed: 11080386432137004637, levelgen mode: deterministic

80 Flugkiller the Ducker (level 4, -7/33 HPs)
             Began as an Octopode Fighter on Oct 9, 2019.
             Was a Priest of Uskayaw.
             Killed from afar by an orc wizard (9 damage)
             ... with a magic dart
             ... on level 3 of the Dungeon.
             The game lasted 00:01:40 (1333 turns).

Flugkiller the Ducker (Octopode Fighter)            Turns: 1333, Time: 00:01:40

Health: -7/33      AC:  1    Str: 15    XL:     4   Next: 39%
Magic:  13/13      EV: 18    Int: 10    God:    Uskayaw [***...]
Gold:   139        SH:  9    Dex: 17    Spells: 3/3 levels left

rFire    . . .     SeeInvis .   a - +0 war axe
rCold    . . .     Gourm    .   b - +0 shield
rNeg     . . .     Faith    .   (helmet restricted)
rPois    .         Spirit   .   (no amulet)
rElec    .         Reflect  .   h - ring of magical power
rCorr    .         Harm     .   (no ring)
MR       .....                  (no ring)
Stlth    ++++......             (no ring)
HPRegen  0.11/turn              (no ring)
MPRegen  0.13/turn              (no ring)
                                (no ring)
                                (no ring)

@: agile, lethally poisoned (-7 -> -18), very slightly contaminated, invisible
A: almost no armour, stealthy swim, amphibious, 8 rings, constrict 8, camouflage
1, gelatinous body 1
a: Stomp, Line Pass, Renounce Religion


You were on level 3 of the Dungeon.
You worshipped Uskayaw.
Uskayaw was noncommittal.
You were not hungry.

You visited 1 branch of the dungeon, and saw 3 of its levels.

You collected 139 gold pieces.

Inventory:

Hand Weapons
 a - a +0 war axe (weapon)
Armour
 b - a +0 shield (worn)
Jewellery
 h - a ring of magical power (left tentacle)
   (You found it on level 1 of the Dungeon)
 o - an uncursed ring of ice
   (You found it on level 2 of the Dungeon)
Scrolls
 e - 3 scrolls of enchant armour {unknown}
 f - a scroll of enchant weapon
 i - a scroll of blinking
 j - 2 scrolls of teleportation
 k - a scroll of fear {unknown}
 p - 2 scrolls of identify
 q - a scroll of amnesia {unknown}
 r - a scroll of immolation {unknown}
Potions
 c - a potion of might
 l - a potion of flight {unknown}
 m - a potion of heal wounds {unknown}
 n - a potion of curing {unknown}
Comestibles
 d - 7 rations
 s - 4 chunks of flesh


   Skills:
 + Level 3.7 Fighting
 + Level 3.0 Axes
 + Level 3.8 Dodging
 - Level 3.0 Shields
 + Level 0.2 Invocations


You had 3 spell levels left.
You didn't know any spells.
Your spell library contained the following spells:

 Spells                   Type           Power        Failure   Level  Hunger
 Magic Dart               Conj           #...         87%         1    ##.....
 Blink                    Tloc           N/A          95%         2    ###....
 Call Imp                 Summ           #.......     95%         2    ###....
 Slow                     Hex            #.......     95%         2    ###....
 Conjure Flame            Conj/Fire      #.......     99%         3    ####...
 Mephitic Cloud           Conj/Pois/Air  #.......     99%         3    ####...


Dungeon Overview and Level Annotations

Branches:
Dungeon (3/15)

Altars:
Makhleb
Okawaru
Uskayaw
Zin


Innate Abilities, Weirdness & Mutations

You cannot wear most types of armour.
You are very stealthy in the water. (Stealth+)
You are amphibious.
You can wear up to eight rings at the same time.
You can use your tentacles to constrict eight enemies at once.
Your skin changes colour to match your surroundings (Stealth+).
Your rubbery body absorbs attacks. (AC +1, EV +1)


Message History

The orc wizard hits you with a +1 dagger of venom.
You are more poisoned.
The orc wizard mumbles some strange words.
The orc wizard blinks!
You feel sick. The orc hits you with a +0 hand axe.
You see here a +0 mace.
You hit the orc. Your grab misses the orc.
The orc is severely wounded.
You feel sick. The orc hits you with a +0 hand axe.
The orc wizard points at you and mumbles some strange words.
The magic dart hits you!
* * * LOW HITPOINT WARNING * * *
It was a potion of invisibility.
You fade into invisibility!
* * * LOW HITPOINT WARNING * * *
You feel sick. The orc hits you but does no damage.
You are very lightly contaminated with residual magic.
Unknown command.
Press: ? - help, v - describe, . - travel
Here: an orc wizard, wielding a +1 dagger of venom and wearing a +0 robe (moderately wounded)
The floor.
Unknown command.
You hit the orc.
You kill the orc!
* * * LOW HITPOINT WARNING * * *
You feel sick. The orc wizard misses you.
You hit the orc wizard but do no damage.
Your grab misses the orc wizard.
The orc wizard is moderately wounded.
* * * LOW HITPOINT WARNING * * *
You feel sick. The orc wizard misses you.
You barely miss the orc wizard. You grab the orc wizard.
The orc wizard is moderately wounded.
You constrict the orc wizard.
* * * LOW HITPOINT WARNING * * *
You feel sick.
The orc wizard hits you with a +1 dagger of venom.
* * * LOW HITPOINT WARNING * * *
You are more poisoned.
You block the orc wizard's attack.
Uskayaw will force your foes to helplessly watch your dance.
Uskayaw prepares the audience for your solo!
It was a potion of agility.
You feel agile all of a sudden.
You constrict the orc wizard.
* * * LOW HITPOINT WARNING * * *
You feel sick.
The orc wizard is no longer paralysed.
The orc wizard gestures at you while chanting.
The magic dart hits you!
You die...

..##.## ##.#
##.#.......#
.####.###.##
#..#o......# .........##
#..#.......# #####..#.#
#...o....... #..#.##
#..........# #..#..#
#.(# ..#..##.##### ##.##
#.#.>##.#...####...###.#
#............o@).......#
##...(..#...####...###.#
##...#..#########.####.#
........# #..........#
##.#.#..# #.#.....#####
#[.....####.#.....)....#
###..<.....###.....###.#
####.####.#......# #.#
#.#^#.###


You could see an orc wizard.

Vanquished Creatures
  2 adders (D:2)
  2 oozes (D:2)
  A dart slug (D:1)
  2 leopard geckos
  3 orcs (D:3)
  5 bats
  2 giant cockroaches
  4 goblins
  7 hobgoblins
  4 jackals (D:1)
  A frilled lizard (D:1)
  5 kobolds (D:1)
  6 rats
44 creatures vanquished.

Notes
Turn   | Place    | Note
-------+----------+-------------------------------------------
     0 | D:1      | Flugkiller the Octopode Fighter began the quest for the
                  | Orb.
     0 | D:1      | Reached XP level 1. HP: 16/16 MP: 1/1
    95 | D:1      | Reached XP level 2. HP: 20/21 MP: 2/2
   324 | D:1      | Reached XP level 3. HP: 21/26 MP: 3/3
   527 | D:2      | Found a hide-covered altar of Uskayaw.
   530 | D:2      | Found a burning altar of Makhleb.
   532 | D:2      | Found a glowing silver altar of Zin.
   538 | D:2      | Became a worshipper of Uskayaw the Reveler
   575 | D:2      | Reached * piety under Uskayaw
   606 | D:2      | Reached ** piety under Uskayaw
   744 | D:2      | Found an iron altar of Okawaru.
   752 | D:2      | Reached XP level 4. HP: 30/32 MP: 4/4
  1332 | D:3      | Reached *** piety under Uskayaw
  1333 | D:3      | Killed from afar by an orc wizard

Levels and vault maps discovered:
D:1:      wander_arrival_desolate, layout_rooms
D:2:      layout_loops_ring, grunt_temple_overflow_open, first_ration,
          okawaru_gym_becter
D:3:      cheibrodos_pilgrimage, layout_loops_ring,
          chequers_serial_rivers_micro_a

Skill      XL: |  1  2  3  4 |
---------------+-------------+-----
Axes           | 3 |  3.0
Fighting       | |  3.7
Dodging        | |  3.8
Shields        | |  3.0
Invocations    | |  0.2

Action                   |  1- 3 |  4- 6 || total
-------------------------+-------+-------++-------
Melee: War axe           |    54 |    28 ||    82
       Constrict         |    18 |     4 ||    22
       Tentacles         |     9 |     1 ||    10
  Use: Scroll            |     3 |       ||     3
       Potion            |       |     2 ||     2
 Stab: Sleeping          |     4 |     2 ||     6
  Eat: Chunk             |       |     1 ||     1
Armor: Skin              |     4 |       ||     4
Dodge: Dodged            |    21 |    13 ||    34
Block: Shield            |    21 |     9 ||    30

Table legend:
 A = Non-vault XP
 B = Vault XP
 C = Vault XP percentage of total XP
 D = Non-vault monster count
 E = Vault monster count
 F = Vault count percentage of total count
                 A         B        C        D         E       F
            +---------+---------+-------+---------+---------+-------
      Total |     109 |       6 |   5.2 |      42 |       2 |   4.5
            +---------+---------+-------+---------+---------+-------
        D:1 |      43 |       0 |   0.0 |      24 |       0 |   0.0
        D:2 |      55 |       0 |   0.0 |      13 |       0 |   0.0
        D:3 |      11 |       6 |  35.3 |       5 |       2 |  28.6
            +---------+---------+-------+---------+---------+-------
